Map: Abyssal Reef LE

Players

Winthrowe - Winner!

  • Race: Terran Terran
  • League: Silver
  • Spawn Location: 11:00

VOD

Have the link to the VOD?

Description

Time

  • Played on: Aug. 20, 2017, 3:18 p.m.
  • Length: 6:58
Show
View Real Time Build Order
Export as new Build Order

Winthrowe Terran - Winner!

Build Orders:  

Get SALT Encoding   

  12  0:05  SCV  
  12  0:17  SCV  
  12  0:20  Supply Depot  
  12  0:29  SCV  
  12  0:42  SCV  
  12  0:44  Barracks  
  12  0:54  SCV  
  12  1:06  SCV  
  12  1:17  Refinery  
  12  1:18  SCV, Refinery  
  12  1:30  SCV  
  12  1:35  Supply Depot  
  12  1:42  SCV  
  12  1:52  Marine  
  12  1:55  SCV  
  12  2:08  SCV, Command Center  
  12  2:10  Marine  
  12  2:20  SCV  
  12  2:28  Marine  
  12  2:32  SCV  
  12  2:34  Barracks  
  12  2:45  Orbital Command  
  12  2:46  Marine  
  12  2:53  Engineering Bay  
  12  3:21  SCV x2  
  12  3:23  Engineering Bay  
  12  3:38  Factory  
  12  4:03  Barracks Tech Lab  
  12  4:06  Marine  
  12  4:16  Barracks  
  12  4:17  Terran Infantry Weapons Level 1  
  12  4:18  Terran Infantry Armor Level 1  
  12  4:23  Marine  
  12  4:29  Armory  
  12  4:34  Marauder  
  12  4:41  Marine  
  12  4:55  Marauder  
  12  4:59  Marine  
  12  5:03  Barracks  
  12  5:13  Barracks Reactor  
  12  5:16  Marine  
  12  5:17  Marine  
  12  5:20  Starport  
  12  5:26  Combat Shields  
  12  5:34  Marine  
  12  5:35  Marine  
  12  5:52  Marine  
  12  5:53  Barracks Tech Lab  
  12  5:55  Marine x2  
  12  6:07  Supply Depot  
  12  6:08  Supply Depot  
  12  6:16  Orbital Command  
  12  6:29  Marine x3, Marauder x2  
  12  6:31  Supply Depot x2  
  12  6:53  Supply Depot  
  12  6:54  Supply Depot  
Tags
 
Add a new tag
Caveats
  • Supply blocks, unpowered buildings, or Contaminate may cause inaccurate times.
  • Supply counts are checked every 10 seconds.